AoeStats
← OctopusRewind

Arena

508340891Analyzed
1v1 RM · 11d ago on Sep 22, 2026· 41m 34s· 2 players
Game mode
Random Map
Map size
Tiny (2 player)
Population
200
Speed
Normal
Resources
Standard
Victory
Conquest
Starting age
Dark Age
Ending age
Imperial Age
RankedLock teamsTeams togetherTeam positionsShared explorationLock speedFull tech treeHidden civsTurbo modeCheats
Victory
Defeat
🇨🇱 Poles · Chile
459
+19
🇺🇸 Vikings · United States
520
-35
OctopusRewind
2:40 Loom
15:36 Feudal Age
16:49 Town Watch
19:50 Double-Bit Axe
20:26 Forging
20:17 Scale Mail Armor
20:07 Fletching
20:18 Padded Archer Armor
20:24 Scale Barding Armor
22:10 Gold Mining
22:01 Horse Collar
22:17 Stone Mining
21:54 Man-at-Arms
22:20 Arson
29:06 Castle Age
29:53 Squires
29:14 Pikeman
31:00 Gambesons
31:35 Bow Saw
31:26 Heavy Plow
32:26 Crossbowman
32:29 Long Swordsman
36:11 Leather Archer Armor
36:12 Chain Mail Armor
36:55 Gold Shaft Mining
37:10 Town Patrol
39:08 Iron Casting
41:11 Chain Barding Armor
40:47 Bodkin Arrow
40:51 Light Cavalry
bacteria
8:34 Loom
12:27 Feudal Age
13:31 Double-Bit Axe
14:26 Wheelbarrow
19:27 Castle Age
17:54 Horse Collar
19:54 Scale Barding Armor
19:43 Gold Mining
19:47 Stone Mining
21:00 Treadmill Crane
22:42 Bloodlines
23:41 Bow Saw
23:54 Heavy Plow
25:05 Stone Shaft Mining
24:59 Light Cavalry
25:57 Town Watch
27:23 Chain Barding Armor
28:02 Hand Cart
30:14 Ballistics
29:50 Murder Holes
30:24 Husbandry
30:35 Squires
29:55 Man-at-Arms
32:52 Scale Mail Armor
33:03 Forging
32:44 Fletching
32:54 Padded Archer Armor
33:41 Fortified Wall
34:06 Fervor
34:05 Padded Archer Armor
35:24 Masonry
35:31 Chain Mail Armor
36:39 Town Patrol
37:47 Szlachta Privileges
39:16 Guard Tower
42:20 Imperial Age
40:07 Devotion
40:18 Redemption
Connection lost

Rejoining the realm…

Still unreachable

The connection could not be restored.

Session expired

The server has moved on; the page needs a fresh start.